TEX
FRISCO ROUGHRIDERS @ TULSA DRILLERS
04/10/2099
 
TOP OF THE 1ST
Frisco RoughRiders batting - Pitching for Tulsa Drillers : LHP Bill Whitcomb
Pitching: LHP Bill Whitcomb
Batting: LHB Jose Mejia 0-0: Ball
1-0: Swinging Strike
1-1: Swinging Strike
1-2: Foul Ball, location: 2F
1-2: Strikes out swinging
Batting: RHB Zach Baltzell 0-0: Ball
1-0: SINGLE (Groundball, 4MS, EV 66.9 MPH) (infield hit)
Batting: LHB B.J. Tegeler 0-0: Called Strike
0-1: Foul Ball, location: 7LSF
0-2: Strikes out swinging
Batting: LHB Paul Rodriguez 0-0: Called Strike
0-1: Ball
1-1: Called Strike
1-2: Ball
2-2: Foul Ball, location: 2F
2-2: Ball
3-2: Base on Balls
Zach Baltzell to second
Batting: RHB Mark Bray 0-0: Called Strike
0-1: Ball
1-1: Foul Ball, location: 2F
1-2: Strikes out swinging
Top of the 1st over - 0 runs, 1 hit, 0 errors, 2 left on base; Frisco 0 - Tulsa 0
BOTTOM OF THE 1ST
Tulsa Drillers batting - Pitching for Frisco RoughRiders : RHP Ryan Person
Pitching: RHP Ryan Person
Batting: LHB Greg Schlitt 0-0: Foul Ball, location: 9LMF
0-1: Ball
1-1: Ground out 6-3 (Groundball, 6, EV 89.4 MPH)
Batting: LHB Russ Henson 0-0: Ball
1-0: Ground out 3-1 (Groundball, 34, EV 80.6 MPH)
Batting: RHB Aaron Rossiter 0-0: Ball
1-0: Ball
2-0: Called Strike
2-1: Ball
3-1: Base on Balls
Batting: LHB Mike Saunders 0-0: Foul Ball, location: 7LDF
0-1: Foul Ball, location: 5FF
0-2: Foul Ball, location: 2F
0-2: Fly out, F8 (Flyball, 8LM, EV 98.8 MPH)
Bottom of the 1st over - 0 runs, 0 hits, 0 errors, 1 left on base; Frisco 0 - Tulsa 0
TOP OF THE 2ND
Frisco RoughRiders batting - Pitching for Tulsa Drillers : LHP Bill Whitcomb
Batting: LHB Justin Howard 0-0: Called Strike
0-1: Swinging Strike
0-2: Ball
1-2: Strikes out swinging
Batting: RHB Aaron Cote 0-0: Ball
1-0: Called Strike
1-1: Ball
2-1: SINGLE (Flyball, 56D, EV 93.1 MPH)
Batting: RHB Jason Perilli 0-0: TRIPLE (Flyball, 78XD, EV 110.6 MPH)
Aaron Cote scores
Batting: LHB Jaden White 0-0: Called Strike
0-1: Ball
1-1: Ball
2-1: Foul Ball, location: 23F
2-2: Foul Ball, location: 7LDF
2-2: Foul Ball, location: 23F
2-2: Foul Ball, location: 2F
2-2: Fly out, F9 (Flyball, 9LSF, EV 87.5 MPH)
Pitching: RHP Min-yul Kym
Batting: LHB Jose Mejia 0-0: Foul Ball, location: 5FF
0-1: Ball
1-1: Swinging Strike
1-2: Ball
2-2: Ball
3-2: Strikes out swinging
Top of the 2nd over - 1 run, 2 hits, 0 errors, 1 left on base; Frisco 1 - Tulsa 0
BOTTOM OF THE 2ND
Tulsa Drillers batting - Pitching for Frisco RoughRiders : RHP Ryan Person
Batting: RHB Steven Froelich 0-0: Fly out, F6 (Popup, 4MS, EV 68.1 MPH)
Batting: LHB Aaron Himebauch 0-0: Foul Ball, location: 9LMF
0-1: Ball
1-1: Swinging Strike
1-2: Foul Ball, location: 3DF
1-2: Ball
2-2: Ground out 4-3 (Groundball, 4, EV 103.8 MPH)
Batting: RHB Ryan Gaines 0-0: DOUBLE (Line Drive, 9LM, EV 110.6 MPH)
Batting: LHB Marc Schultz 0-0: Called Strike
0-1: Ball
1-1: Foul Ball, location: 7LMF
1-2: Strikes out swinging
Bottom of the 2nd over - 0 runs, 1 hit, 0 errors, 1 left on base; Frisco 1 - Tulsa 0
TOP OF THE 3RD
Frisco RoughRiders batting - Pitching for Tulsa Drillers : RHP Min-yul Kym
Batting: RHB Zach Baltzell 0-0: Swinging Strike
0-1: Called Strike
0-2: Strikes out swinging
Batting: LHB B.J. Tegeler 0-0: Ground out 5-3 (Groundball, 5L, EV 78.1 MPH)
Batting: LHB Paul Rodriguez 0-0: Foul Ball, location: 2F
0-1: Ball
1-1: Called Strike
1-2: SINGLE (Line Drive, 89S, EV 91.3 MPH)
Batting: RHB Mark Bray 0-0: Ball
1-0: Fly out, F9 (Flyball, 9LM, EV 93.8 MPH)
Top of the 3rd over - 0 runs, 1 hit, 0 errors, 1 left on base; Frisco 1 - Tulsa 0
BOTTOM OF THE 3RD
Tulsa Drillers batting - Pitching for Frisco RoughRiders : RHP Ryan Person
Batting: RHB Jordan Saray 0-0: Ball
1-0: SOLO HOME RUN (Flyball, 7D, EV 96.3 MPH), Distance : 341 ft
Batting: LHB Greg Schlitt 0-0: Fly out, F8 (Flyball, 8LD, EV 100.6 MPH)
Batting: LHB Russ Henson 0-0: Ball
1-0: Ground out 5-3 (Groundball, 56, EV 101.3 MPH)
Batting: RHB Aaron Rossiter 0-0: Ball
1-0: Foul Ball, location: 9LMF
1-1: Ball
2-1: Called Strike
2-2: Ball
3-2: Base on Balls
Batting: LHB Mike Saunders 0-0: Ball
1-0: Called Strike
1-1: Foul Ball, location: 23F
1-2: Foul Ball, location: 2F
1-2: SINGLE (Flyball, 8RS, EV 98.1 MPH)
Aaron Rossiter to second
Runner from 2nd tries for 3rd, SAFE, throw by CF made to third
Batting: RHB Steven Froelich 0-0: Ball
1-0: Ball
2-0: SINGLE (Groundball, 6D, EV 101.3 MPH)
Aaron Rossiter scores
Mike Saunders to second
Batting: LHB Aaron Himebauch 0-0: Foul Ball, location: 9LMF
0-1: Ball
1-1: Ground out 6-3 (Groundball, 6MS, EV 68.8 MPH)
Bottom of the 3rd over - 2 runs, 3 hits, 0 errors, 2 left on base; Frisco 1 - Tulsa 2
TOP OF THE 4TH
Frisco RoughRiders batting - Pitching for Tulsa Drillers : RHP Min-yul Kym
Batting: LHB Justin Howard 0-0: Ball
1-0: Fly out, F8 (Flyball, 8LM, EV 96.3 MPH)
Batting: RHB Aaron Cote 0-0: Called Strike
0-1: Foul Ball, location: 5F
0-2: Strikes out swinging
Batting: RHB Jason Perilli 0-0: Ball
1-0: Ball
2-0: Called Strike
2-1: Ball
3-1: Ground out 4-3 (Groundball, 4, EV 104.4 MPH)
Top of the 4th over - 0 runs, 0 hits, 0 errors, 0 left on base; Frisco 1 - Tulsa 2
BOTTOM OF THE 4TH
Tulsa Drillers batting - Pitching for Frisco RoughRiders : RHP Ryan Person
Batting: RHB Ryan Gaines 0-0: Called Strike
0-1: Swinging Strike
0-2: Ball
1-2: Ball
2-2: Foul Ball, location: 7LSF
2-2: Ball
3-2: Strikes out swinging
Batting: LHB Marc Schultz 0-0: Ball
1-0: Ball
2-0: Called Strike
2-1: Ground out 6-3 (Groundball, 6MD, EV 94.4 MPH)
Batting: RHB Jordan Saray 0-0: Ball
1-0: DOUBLE (Flyball, 89XD, EV 101.3 MPH)
Batting: LHB Greg Schlitt 0-0: Called Strike
0-1: Called Strike
0-2: Foul Ball, location: 7LMF
0-2: Ball
1-2: Ball
2-2: SINGLE (Groundball, 4MD, EV 95.0 MPH)
Jordan Saray to third
Runner from 3rd tries for Home, SAFE, throw by CF to home
Greg Schlitt to second
Batting: LHB Russ Henson 0-0: Ball
1-0: Called Strike
1-1: Ball
2-1: Fly out, F9 (Flyball, 9, EV 93.8 MPH)
Bottom of the 4th over - 1 run, 2 hits, 0 errors, 1 left on base; Frisco 1 - Tulsa 3
TOP OF THE 5TH
Frisco RoughRiders batting - Pitching for Tulsa Drillers : RHP Min-yul Kym
Batting: LHB Jaden White 0-0: Called Strike
0-1: Swinging Strike
0-2: Strikes out swinging
Batting: LHB Jose Mejia 0-0: Foul Ball, location: 2F
0-1: Ball
1-1: Called Strike
1-2: Ball
2-2: Ground out 5-3 (Groundball, 5, EV 91.9 MPH)
Batting: RHB Zach Baltzell 0-0: Ball
1-0: Foul Ball, location: 9LDF
1-1: DOUBLE (Flyball, 8RD, EV 88.1 MPH)
Batting: LHB B.J. Tegeler 0-0: Ball
1-0: Called Strike
1-1: Ball
2-1: Ball
3-1: Called Strike
3-2: Strikes out swinging
Top of the 5th over - 0 runs, 1 hit, 0 errors, 1 left on base; Frisco 1 - Tulsa 3
BOTTOM OF THE 5TH
Tulsa Drillers batting - Pitching for Frisco RoughRiders : RHP Ryan Person
Batting: RHB Aaron Rossiter 0-0: Called Strike
0-1: Ball
1-1: Called Strike
1-2: Strikes out swinging
Batting: LHB Mike Saunders 0-0: Foul Ball, location: 2F
0-1: Ball
1-1: Foul Ball, location: 7LSF
1-2: Ball
2-2: DOUBLE (Flyball, 8LXD, EV 111.3 MPH)
Batting: RHB Steven Froelich 0-0: Called Strike
0-1: Ball
1-1: Ball
2-1: Ball
3-1: Base on Balls
Batting: LHB Aaron Himebauch 0-0: Ball
1-0: SINGLE (Groundball, 4MD, EV 107.5 MPH)
Mike Saunders to third
Steven Froelich to second
Runner from 3rd tries for Home, SAFE, throw by CF to home
Batting: RHB Ryan Gaines 0-0: Swinging Strike
0-1: Ball
1-1: Ball
2-1: Foul Ball, location: 5F
2-2: SINGLE (Line Drive, 6M, EV 98.1 MPH)
Steven Froelich to third
Aaron Himebauch to second
Batting: LHB Marc Schultz 0-0: Swinging Strike
0-1: SINGLE (Line Drive, 7S, EV 100.0 MPH)
Steven Froelich scores
Aaron Himebauch to third
Ryan Gaines to second
Pitching: RHP Tony Rios
Batting: RHB Jordan Saray 0-0: Called Strike
0-1: Swinging Strike
0-2: Foul Ball, location: 2F
0-2: Ball
1-2: Strikes out looking
Batting: LHB Greg Schlitt 0-0: Called Strike
0-1: Ball
1-1: Ball
2-1: Fly out, F5 (Popup, 5F, EV 77.5 MPH)
Bottom of the 5th over - 2 runs, 4 hits, 0 errors, 3 left on base; Frisco 1 - Tulsa 5
TOP OF THE 6TH
Frisco RoughRiders batting - Pitching for Tulsa Drillers : RHP Min-yul Kym
Batting: LHB Paul Rodriguez 0-0: Called Strike
0-1: Ball
1-1: Foul Ball, location: 3FF
1-2: Ball
2-2: Strikes out looking
Batting: RHB Mark Bray 0-0: Ball
1-0: Foul Ball, location: 3SF
1-1: Called Strike
1-2: Ball
2-2: Ball
3-2: Strikes out looking
Batting: LHB Justin Howard 0-0: Swinging Strike
0-1: Ball
1-1: Ball
2-1: Ball
3-1: Base on Balls
Pitching: RHP Mike Holst
Batting: RHB Aaron Cote 0-0: Called Strike
0-1: Called Strike
0-2: Ball
1-2: Ball
2-2: Ball
3-2: Foul Ball, location: 2F
3-2: Strikes out swinging
Top of the 6th over - 0 runs, 0 hits, 0 errors, 1 left on base; Frisco 1 - Tulsa 5
BOTTOM OF THE 6TH
Tulsa Drillers batting - Pitching for Frisco RoughRiders : RHP Tony Rios
Batting: LHB Russ Henson 0-0: Foul Ball, location: 2F
0-1: Called Strike
0-2: Ball
1-2: Ball
2-2: Ball
3-2: Fly out, F8 (Flyball, 8LXD, EV 110.6 MPH)
Batting: RHB Aaron Rossiter 0-0: Ground out 5-3 (Groundball, 5, EV 101.9 MPH)
Batting: LHB Mike Saunders 0-0: Ball
1-0: Ball
2-0: Swinging Strike
2-1: Ball
3-1: Base on Balls
Batting: RHB Steven Froelich 0-0: Ball
1-0: Swinging Strike
1-1: Ball
2-1: Foul Ball, location: 25F
2-2: Ball
3-2: Ground out 6-3 (Groundball, 6, EV 83.1 MPH)
Bottom of the 6th over - 0 runs, 0 hits, 0 errors, 1 left on base; Frisco 1 - Tulsa 5
TOP OF THE 7TH
Frisco RoughRiders batting - Pitching for Tulsa Drillers : RHP Mike Holst
Now at 1B: Tyler Rivas
Now at 2B: Joe Jarosz
Batting: RHB Jason Perilli 0-0: Foul Ball, location: 2F
0-1: Ball
1-1: Ground out 2-3 (Groundball, 2R, EV 68.1 MPH)
Batting: LHB Jaden White 0-0: Ball
1-0: Ball
2-0: DOUBLE (Flyball, 8RXD, EV 98.1 MPH) - OUT at third base trying to stretch hit.
Batting: LHB Jose Mejia 0-0: Called Strike
0-1: Ball
1-1: Called Strike
1-2: Foul Ball, location: 2F
1-2: SINGLE (Line Drive, 6D, EV 100.0 MPH)
Batting: RHB Zach Baltzell 0-0: Called Strike
0-1: Ball
1-1: Foul Ball, location: 3FF
1-2: Fly out, F9 (Flyball, 89S, EV 93.8 MPH)
Top of the 7th over - 0 runs, 2 hits, 0 errors, 1 left on base; Frisco 1 - Tulsa 5
BOTTOM OF THE 7TH
Tulsa Drillers batting - Pitching for Frisco RoughRiders : RHP Tony Rios
Batting: LHB Aaron Himebauch 0-0: Called Strike
0-1: Ball
1-1: Called Strike
1-2: Foul Ball, location: 2F
1-2: Foul Ball, location: 7LSFF
1-2: Foul Ball, location: 7LMF
1-2: Ball
2-2: Foul Ball, location: 9LMF
2-2: Foul Ball, location: 5F
2-2: Strikes out swinging, 2-3 out at first.
Batting: RHB Ryan Gaines 0-0: Ball
1-0: Called Strike
1-1: Fly out, F7 (Flyball, 78S, EV 90.0 MPH)
Batting: LHB Marc Schultz 0-0: Ground out 1-3 (Groundball, 15S, EV 75.0 MPH)
Bottom of the 7th over - 0 runs, 0 hits, 0 errors, 0 left on base; Frisco 1 - Tulsa 5
TOP OF THE 8TH
Frisco RoughRiders batting - Pitching for Tulsa Drillers : RHP Mike Holst
Batting: LHB B.J. Tegeler 0-0: Called Strike
0-1: Ball
1-1: Called Strike
1-2: Ball
2-2: Foul Ball, location: 5DF
2-2: Foul Ball, location: 7LSF
2-2: Foul Ball, location: 2F
2-2: Ball
3-2: Foul Ball, location: 2F
3-2: SINGLE (Line Drive, 7S, EV 98.1 MPH)
Batting: LHB Paul Rodriguez 0-0: Swinging Strike
0-1: Swinging Strike
0-2: Ball
1-2: Ball
2-2: Ball
3-2: Ground out U3 (Groundball, 3, EV 86.9 MPH)
B.J. Tegeler to second
Batting: RHB Mark Bray 0-0: Ground out 6-3 (Groundball, 6, EV 84.4 MPH)
Batting: LHB Justin Howard 0-0: Ball
1-0: Swinging Strike
1-1: Swinging Strike
1-2: Foul Ball, location: 7LSF
1-2: Ball
2-2: Ball
3-2: Ground out U3 (Groundball, 3L, EV 101.9 MPH)
Top of the 8th over - 0 runs, 1 hit, 0 errors, 1 left on base; Frisco 1 - Tulsa 5
BOTTOM OF THE 8TH
Tulsa Drillers batting - Pitching for Frisco RoughRiders : RHP Tony Rios
Batting: RHB Jordan Saray 0-0: SINGLE (Line Drive, 78S, EV 110.6 MPH)
Batting: LHB Greg Schlitt 0-0: Ball
Jordan Saray steals 2nd base
1-0: Ball
2-0: Swinging Strike
2-1: Ball
3-1: Base on Balls
Batting: LHB Russ Henson 0-0: Ball
1-0: Ball
2-0: Ball
3-0: Foul Ball, location: 9LMF
3-1: Base on Balls
Jordan Saray to third
Greg Schlitt to second
Batting: RHB Tyler Rivas 0-0: Ball
1-0: Foul Ball, location: 9LMF
1-1: Ball
2-1: Fly out, F5 (Line Drive, 56, EV 72.5 MPH)
Pitching: RHP Jesus Velez
Batting: RHB Joe Jarosz 0-0: Foul Ball, location: 3F
0-1: Foul Ball, location: 3DF
0-2: Ball
1-2: Strikes out swinging
Batting: RHB Steven Froelich 0-0: Ball
1-0: Ball
2-0: Swinging Strike
2-1: SINGLE (Line Drive, 9S, EV 85.0 MPH)
Jordan Saray scores
Greg Schlitt to third
Russ Henson to second
Runner from 3rd tries for Home, SAFE, throw by RF to home
Batting: LHB Aaron Himebauch 0-0: Ball
1-0: 3-RUN HOME RUN (Flyball, 8RXD, EV 113.1 MPH), Distance : 437 ft
Batting: RHB Ryan Gaines 0-0: Called Strike
0-1: Called Strike
0-2: Ball
1-2: Foul Ball, location: 3SF
1-2: Ball
2-2: Foul Ball, location: 5DF
2-2: Strikes out swinging
Bottom of the 8th over - 5 runs, 3 hits, 0 errors, 0 left on base; Frisco 1 - Tulsa 10
TOP OF THE 9TH
Frisco RoughRiders batting - Pitching for Tulsa Drillers : RHP Mike Holst
Pinch Hitting: RHB Edgar Rodriguez 0-0: Ground out 5-3 (Groundball, 5, EV 85.6 MPH)
Pinch Hitting: LHB Corey Jackson 0-0: Ground out 4-3 (Groundball, 4M, EV 81.3 MPH)
Batting: LHB Jaden White 0-0: Called Strike
0-1: Ball
1-1: Called Strike
1-2: Ball
2-2: Ball
3-2: Foul Ball, location: 2F
3-2: Base on Balls
Batting: LHB Jose Mejia 0-0: Foul Ball, location: 3F
0-1: Foul Ball, location: 9LSFF
0-2: Fielders Choice at 2nd, 6-4 (Groundball, 6, EV 84.4 MPH)
Top of the 9th over - 0 runs, 0 hits, 0 errors, 1 left on base; Frisco 1 - Tulsa 10
Friday, May 3rd , 2024 - OOTP Baseball 24.11 Build 85